 Dungeon Crawl Stone Soup version 0.21-a0-150-gc243083 (webtiles) character file.

546084 KarmaPolice the Halfling Catapult (level 27, -4/189 HPs)
             Began as a Halfling Skald on July 24, 2017.
             Was a High Priest of Okawaru.
             Killed by divine providence
             ... invoked by a smoke demon
              (12 damage)
             ... on level 3 of the Abyss on July 28, 2017.
             The game lasted 07:39:01 (89492 turns).

KarmaPolice the Halfling Catapult (Halfling Skald) Turns: 89492, Time: 07:39:01

Health: -4/189     AC: 29    Str: 17    XL:     27
Magic:  24/25      EV: 27    Int: 13    God:    Okawaru [*****.]
Gold:   2378       SH: 14    Dex: 30    Spells: 25/44 levels left

rFire    + . .     SeeInvis .   A - +5 demon blade (venom)
rCold    . . .     Gourm    .   C - +2 buckler {AC+3}
rNeg     + . .     Faith    .   S - +6 scale mail of Merphose {Str+3 Dex+2}
rPois    .         Spirit   .   R - +0 helmet of Incorporation {rF+ rCorr Int-3 Slay+5}
rElec    .         Reflect  +   J - +1 cloak {MR+}
rCorr    +         Harm     .   m - +2 pair of gloves {Dex+3}
MR       +++..                  g - +0 pair of boots
Stlth    +.........             Q - amulet of Darkness {Reflect Str+4 Int+4 SH+3}
HPRegen  0.41/turn              a - +4 ring of protection
MPRegen  0.19/turn              Z - ring of Unnom {+Fly rN+ Str-4 Int+5 Slay+4}

@: hasted, very quick
A: [blurry vision 2], [deformed body], [dopey 2], [low mp 3], mutation
resistance 1, MP-powered wands
}: 2/15 runes: decaying, gossamer
a: Heroism, Finesse, Renounce Religion, Evoke Flight


You were on level 3 of the Abyss.
You worshipped Okawaru.
Okawaru was extremely pleased with you.
You were hungry.

You visited 10 branches of the dungeon, and saw 47 of its levels.
You visited the Abyss 1 time.
You visited 1 bazaar.
You also visited: Ice Cave.

You collected 5702 gold pieces.
You spent 3324 gold pieces at shops.

Inventory:

Hand Weapons
 e - the +11 fustibalus "Z" {flame, rC+++ Str+7 Dex+4}
   (Okawaru gifted it to you on level 5 of the Lair of Beasts)

   It causes projectiles fired from it to burn those they strike, causing extra
   injury to most foes and up to half again as much damage against particularly
   susceptible opponents.
   It affects your strength (+7).
   It affects your dexterity (+4).
   It renders you almost immune to cold.
 o - the +2 rapier of Jipruc {elec, SInv Stlth+}
   (Okawaru gifted it to you on level 1 of the Swamp)

   Occasionally, upon striking a foe, it will discharge some electrical energy
   and cause terrible harm.
   It lets you see invisible.
   It makes you more stealthy.
 y - a +2 long sword of holy wrath
 A - a +5 demon blade of venom (weapon)
 G - a +4 demon blade of draining
Missiles
 j - 580 sling bullets
 L - 685 stones (quivered)
Armour
 g - a +0 pair of boots (worn)
 m - a +2 pair of gloves of dexterity (worn)
 s - the +1 robe of Taqyd {Slay+5 Stlth-}
   (You took it off a deep elf annihilator on level 3 of the Elven Halls)

   It affects your accuracy and damage with ranged weapons and melee attacks
   (+5).
   It makes you less stealthy.
 C - a +2 buckler of protection (worn)
 J - a +1 cloak of magic resistance (worn)
 P - a scarf of resistance
 R - the +0 helmet of Incorporation (worn) {rF+ rCorr Int-3 Slay+5}
   (Okawaru gifted it to you on level 3 of the Elven Halls)

   It affects your intelligence (-3).
   It affects your accuracy and damage with ranged weapons and melee attacks
   (+5).
   It protects you from fire.
   It protects you from acid and corrosion.
 S - the +6 scale mail of Merphose (worn) {Str+3 Dex+2}
   (You found it on level 10 of the Dungeon)

   It affects your strength (+3).
   It affects your dexterity (+2).
Jewellery
 a - a +4 ring of protection (left hand)
 z - the ring "Rinek" {rCorr rF+ SInv}
   (You found it on level 1 of the Abyss)

   [ring of resist corrosion]

   It protects you from fire.
   It lets you see invisible.
 Q - the amulet of Darkness (around neck) {Reflect Str+4 Int+4 SH+3}
   (You found it on level 2 of the Depths)

   [amulet of reflection]

   It shields you and reflects attacks.
   It affects your strength (+4).
   It affects your intelligence (+4).
   It affects your SH (+3).
 Y - the ring "Guan" {*Corrode rF+++ Int+2 Dex+6}
   (You found it on level 3 of the Vaults)

   [ring of intelligence]

   It affects your intelligence (+2).
   It affects your dexterity (+6).
   It renders you almost immune to fire.
   It may corrode you when you take damage.
 Z - the ring of Unnom (right hand) {+Fly rN+ Str-4 Int+5 Slay+4}
   (You bought it in a shop on level 2 of the Depths)

   [ring of slaying]

   It affects your strength (-4).
   It affects your intelligence (+5).
   It affects your accuracy and damage with ranged weapons and melee attacks
   (+4).
   It protects you from negative energy.
   It lets you fly.
Wands
 t - a wand of lightning (1/15)
 M - a wand of digging (8/24)
Scrolls
 b - 2 scrolls of holy word
 c - 5 scrolls of amnesia
 f - 7 scrolls of immolation
 k - 11 scrolls of teleportation
 x - 6 scrolls of enchant weapon
 E - 6 scrolls of silence
 H - 6 scrolls of enchant armour
 I - 3 scrolls of fear
 K - 27 scrolls of remove curse
 N - 16 scrolls of recharging
 O - a scroll of summoning
 U - 4 scrolls of magic mapping
 V - 3 scrolls of blinking
 X - a scroll of identify
Potions
 h - a potion of invisibility
 n - 4 potions of berserk rage
 p - 5 potions of agility
 q - 5 potions of ambrosia
 r - a potion of resistance
 u - a potion of magic
 v - 3 potions of haste
 B - 8 potions of brilliance
 D - a potion of flight
 F - 4 potions of curing
 T - 4 potions of might
Comestibles
 d - 16 bread rations
 i - 20 royal jellies
 l - 24 fruits
 w - 9 meat rations


   Skills:
 + Level 15.8 Fighting
 - Level 18.7(21.9) Short Blades
 + Level 17.5(19.7) Long Blades
   Level 1.7 Polearms
 O Level 27 Slings
 - Level 15.2 Armour
 + Level 13.8 Dodging
 - Level 8.8 Shields
 + Level 9.2 Spellcasting
 - Level 10.4 Hexes
 - Level 4.0 Charms
 - Level 6.1 Necromancy
 - Level 3.3 Translocations
 - Level 11.1 Air Magic
 - Level 9.6 Invocations


You had 25 spell levels left.
You knew the following spells:

 Your Spells              Type           Power        Failure   Level  Hunger
a - Infusion              Chrm           ###.         5%          1    None
b - Shroud of Golubria    Chrm/Tloc      ###.......   10%         2    None
c - Song of Slaying       Chrm           ###.....     9%          2    None
d - Regeneration          Chrm/Necr      ###.......   11%         3    ##.....
e - Silence               Hex/Air        ####......   10%         5    #####..
f - Deflect Missiles      Chrm/Air       ####......   88%         6    #######


Dungeon Overview and Level Annotations

Branches:
Dungeon (15/15)            Temple (1/1) D:7            Lair (6/6) D:11
  Swamp (4/4) Lair:3       Spider (4/4) Lair:4        Slime (0/5) Lair:5
    Orc (2/2) D:11            Elf (3/3) Orc:2        Vaults (5/5) D:14
  Crypt (2/3) Vaults:3     Depths (5/5) D:15            Zot (0/5) Depths:5

Altars:
Ashenzari
Cheibriados
Dithmenos
Elyvilon
Fedhas
Gozag
Hepliaklqana
Kikubaaqudgha
Makhleb
Nemelex Xobeh
Okawaru
Qazlal
Ru
Sif Muna
Trog
Uskayaw
Vehumet
Wu Jian
Xom
Yredelemnul
Zin
The Shining One
Beogh
Jiyva

Shops:
D:6 }   D:13 =   Orc:2 }[%[*   Elf:3 *   Vaults:2 (   Depths:2 }=}

Portals:
Hell: Depths:1 Depths:2 Depths:3 Depths:4 Depths:5
Abyss: Depths:2 Depths:4 Depths:5
Pandemonium: Depths:3
Ziggurat: Depths:1
Trove: Depths:4 (give 6 scrolls of blinking)


Innate Abilities, Weirdness & Mutations

You are small and have problems with some larger weapons.
You are somewhat resistant to further mutation.
You expend magic power (3 MP) to strengthen your wands.
[Scrolls take you longer to read.]
[Armour fits poorly on your strangely shaped body.]
[You are very dopey. (Int -4)]
[Your magical capacity is extremely low. (-30% MP)]


Message History

You hear a grinding noise.
A chorus of shrieks assaults your mind.
* * * LOW HITPOINT WARNING * * *
Your skin stops crawling.
You hear a grinding noise.
The efreet gestures at you.
The fireball explodes!
The fireball engulfs you! You resist.
* * * LOW HITPOINT WARNING * * *
A chorus of shrieks assaults your mind.
* * * LOW HITPOINT WARNING * * *
The smoke demon gestures at you. The sticky flame misses you.
A wolf spider zombie comes into view.
You hear a grinding noise.
The wretched star pulses with an eldritch light!
Your vision blurs. x2
An ufetubus comes into view.
The smoke demon gestures at you. Something smites you!
You die...

### # # .# #.# ##
.## #. #.
#.#..###.#..
####.#.#.#..
###..##..#.#.## #
#...##..#§....## #.
#.#.Z##.#R#R #..
##..
#..@.##..##3X....
.. #..#....3# .#...
.
#5#.#...#.*X.#*#.#
. #§
.#...#.####(#X.####
# ..#.###...#.. #
#§§ ..##. ###.#.#
#. ## ### .# #...#
.# .. . ##.. # ###
#... ##


You could see a starcursed mass, a wretched star, a smoke demon, an ufetubus
(wandering) and a wolf spider zombie.

Vanquished Creatures
  2 ancient liches
  A juggernaut (Depths:3)
  Sojobo (Depths:4)
  Bai Suzhen (Elf:3)
  Boris (twice) (Vaults:4 Depths:5)
  Saint Roka (Elf:2)
  A caustic shrike (Depths:2)
  the Enchantress (Depths:2)
  A golden dragon (Depths:5)
  Nikola (Vaults:2)
  2 bone dragons
  Jorgrun (Swamp:4)
  4 tentacled monstrosities
  Rupert (Lair:5)
  3 deep elf blademasters
  Asterion (Elf:1)
  3 deep elf master archers (Elf:3)
  4 liches
  A quicksilver dragon (Depths:4)
  3 titans
  3 ancient champions
  A sphinx (Depths:3)
  Frances (Swamp:1)
  Kirke (Swamp:2)
  4 tengu reavers
  2 thorn hunters
  2 tentacled starspawn
  The ghost of MirrMurr the Imperceptible, an adept SpEn of Ashenzari (Vaults:3)
  2 storm dragons
  A draconian monk (Depths:5)
  2 shadow dragons
  Roxanne (Swamp:1)
  8 fire giants
  14 vault wardens
  9 deep elf sorcerers
  A balrug (Depths:2)
  3 ghost moths (Spider:4)
  7 frost giants
  Aizul (Vaults:2)
  Louise (Swamp:2)
  An orc warlord (D:11)
  3 emperor scorpions (Spider:4)
  A draconian annihilator (Depths:5)
  4 deep elf elementalists
  13 ironheart preservers
  A ghoul (Crypt:2)
  14 stone giants
  37 very ugly things
  7 spriggan defenders
  The ghost of drasked the Spry, a journeyman SpWz of Ashenzari (Swamp:1)
  5 entropy weavers
  4 vampire knights (Depths:5)
  Nessos (Lair:4)
  17 large abominations
  2 purple draconians (Depths:5)
  3 deep elf demonologists
  A black draconian (Depths:5)
  2 red draconians
  A yellow draconian (Depths:5)
  6 deep elf annihilators
  3 spark wasps (Depths:4)
  A white draconian (Depths:5)
  A blizzard demon (IceCv)
  7 ettins
  An eidolon (Crypt:2)
  A crystal guardian (Vaults:4)
  5 deep elf death magi
  8 fire dragons
  2 quicksilver dragon zombies
  7 jiangshi
  4 deep elf high priests
  6 great orbs of eyes
  12 yaktaur captains
  27 vault guards
  6 spriggan air magi
  2 ghost crabs (Swamp:4)
  18 ogre magi
  9 hydras
  6 ice dragons
  A quicksilver dragon skeleton (Abyss:1)
  14 centaur warriors
  6 rakshasas
  9 alligators
  2 catoblepae
  A catoblepas (shapeshifter) (Depths:2)
  4 death knights
  69 two-headed ogres
  29 dancing weapons
  7 vampire magi
  6 spriggan berserkers
  6 deep troll earth magi
  12 deep troll shamans
  5 tengu warriors
  The ghost of p0werm0de the Thaumaturge, a novice OpEE of Makhleb (D:10)
  2 orc high priests
  3 thrashing horrors
  Urug (Lair:5)
  21 deep elf knights
  2 storm dragon zombies
  2 titan skeletons (Depths:3)
  27 skeletal warriors
  2 sun demons (Depths:2)
  Nergalle (Lair:4)
  A fire crab (shapeshifter) (Vaults:2)
  5 hell knights
  13 iron trolls
  An entropy weaver zombie (Crypt:1)
  A storm dragon skeleton (Vaults:3)
  A death drake (Swamp:4)
  6 wretched stars
  3 sixfirhies (Abyss:1)
  4 shadow wraiths
  20 deep trolls
  11 flayed ghosts
  2 spatial maelstroms
  9 wizards
  2 golden dragon zombies
  3 swamp dragons
  2 spriggan druids
  A death drake (shapeshifter) (Vaults:3)
  6 glowing orange brains
  2 spectral hydras (Swamp:4)
  6 phantasmal warriors
  Pikel (D:6)
  21 deep elf archers
  2 shambling mangroves
  4 harpies (Vaults:1)
  75 deep elf magi
  7 necromancers
  10 orc knights
  A golden dragon skeleton (Depths:3)
  12 ironbrand convokers
  23 orb spiders
  3 fauns (Depths:3)
  An oklob plant (Lair:2)
  30 wolf spiders
  2 tengu skeletons (Depths:3)
  4 orc sorcerers
  2 salamanders (shapeshifter)
  9 cyclopes
  A manticore (shapeshifter) (D:14)
  37 slime creatures
  2 worldbinders
  2 manticores
  A fire giant zombie (Vaults:3)
  3 moths of wrath
  2 centaur zombies
  62 ugly things
  5 smoke demons
  Joseph (D:10)
  2 sphinx skeletons
  A dire elephant zombie (Abyss:1)
  2 guardian serpents (shapeshifter)
  4 elephants (Lair:5)
  2 ice statues (IceCv)
  17 vault sentinels
  3 apocalypse crabs
  A gargoyle (D:13)
  13 spiny frogs
  2 black mambas
  2 elf zombies (Depths:5)
  2 orange demons (Abyss:1)
  A spriggan skeleton (D:15)
  3 torpor snails
  3 rime drakes
  3 swamp worm zombies (Swamp:4)
  2 yaktaurs (shapeshifter)
  A hellion (Abyss:3)
  65 yaktaurs
  3 centaur skeletons
  13 ice devils
  6 komodo dragons
  A harpy zombie (D:15)
  14 freezing wraiths
  A guardian mummy (D:15)
  2 ancient zymes
  8 demonic crawlers
  A red devil (Abyss:1)
  6 starcursed masses
  8 tengu conjurers
  A hellwing (Abyss:3)
  3 meliai (D:15)
  A hornet (shapeshifter) (Depths:3)
  A jumping spider (shapeshifter) (Vaults:2)
  A tormentor (Abyss:3)
  6 trolls
  A hydra zombie (Swamp:4)
  A queen bee (shapeshifter) (Depths:1)
  3 polar bears (Lair:6)
  35 jumping spiders
  25 hornets
  18 blink frogs
  3 tyrant leeches
  A jumping spider zombie (Crypt:2)
  A spectral swamp dragon (Swamp:4)
  Prince Ribbit (D:6)
  6 raiju (Abyss:3)
  15 hippogriffs
  An alligator zombie (Swamp:4)
  2 spriggan zombies
  8 dream sheep
  A deep troll zombie (D:15)
  A harpy skeleton (D:15)
  12 bog bodies
  A human simulacrum (Vaults:3)
  12 flying skulls
  3 shadows
  2 spriggans (shapeshifter)
  6 air elementals
  A fire dragon skeleton (D:15)
  69 redbacks
  5 ynoxinuls
  24 spriggans
  35 tarantellas
  7 wraiths
  6 water elementals
  5 wyverns
  2 humans (shapeshifter)
  2 fire bats (Abyss:3)
  Eustachio (D:5)
  3 hogs (D:12)
  44 yaks
  12 small abominations
  A human (D:12)
  A steam dragon (D:13)
  5 hungry ghosts
  6 vampire mosquitoes
  3 neqoxecs
  A hog (shapeshifter) (Depths:2)
  19 swamp worms
  A yaktaur simulacrum (Vaults:3)
  A basilisk (shapeshifter) (Abyss:1)
  A fire elemental (Elf:2)
  6 chaos spawn
  5 wargs
  A wind drake skeleton (Crypt:1)
  6 insubstantial wisps (Swamp:4)
  A soldier ant (D:13)
  An orb spider zombie (Crypt:2)
  A human zombie (Depths:3)
  3 acid dragons
  Edmund (D:5)
  A floating eye (shapeshifter) (Depths:5)
  9 swamp drakes
  11 water moccasins
  12 porcupines
  2 floating eyes
  A human skeleton (Depths:3)
  A deep troll skeleton (Vaults:3)
  6 black bears
  41 orc warriors
  4 sky beasts
  5 ice beasts
  9 phantoms
  2 hornet zombies (D:15)
  A slave (D:6)
  67 ogres
  6 swamp dragon zombies (Swamp:4)
  An eye of draining (D:11)
  4 necrophages
  2 wolves (shapeshifter)
  19 boggarts
  17 crocodiles
  6 centaurs
  39 wolves
  3 big kobolds
  15 bullfrogs
  5 earth elementals
  A glowing shapeshifter simulacrum (Vaults:2)
  A wyvern zombie (D:9)
  2 wyvern skeletons
  7 scorpions
  18 killer bees
  10 wights
  2 elf simulacra
  2 vampire bats (D:7)
  An electric eel (Lair:1)
  7 howler monkeys
  7 crimson imps
  3 bullfrog zombies
  4 hounds
  A quasit (Abyss:1)
  2 iron imps
  5 jellies
  25 orc wizards
  26 orc priests
  3 bullfrog skeletons
  A basilisk skeleton (Crypt:2)
  3 iguanas
  3 spectral swamp drakes (Swamp:4)
  15 worker ants
  2 hound skeletons (D:9)
  A howler monkey zombie (D:7)
  6 gnolls
  13 adders
  2 swamp drake zombies (Swamp:4)
  4 shadow imps
  11 white imps
  5 ufetubi
  2 oozes
  4 adder zombies
  8 worms
  3 dart slugs
  6 leopard geckos
  108 orcs
  3 ball pythons
  4 bat skeletons
  3 bat zombies (D:7)
  5 giant cockroaches
  A giant cockroach (shapeshifter) (Depths:2)
  6 goblins
  10 hobgoblins
  18 jackals
  7 quokkas
  11 bats
  4 frilled lizards
  16 kobolds
  A leopard gecko skeleton (D:5)
  A quokka skeleton (D:10)
  10 rats
  A river rat skeleton (Crypt:1)
  A bush (Abyss:2)
  A starspawn tentacle (Abyss:1)
2365 creatures vanquished.

Vanquished Creatures (others)
  A fire giant (Depths:2)
  2 stone giants
  A centaur warrior (Depths:3)
  A two-headed ogre (Vaults:3)
  3 deep elf knights
  A sixfirhy (Abyss:1)
  4 yaktaurs
  A large abomination (Abyss:1)
  A jumping spider (Spider:4)
  A shadow (Abyss:3)
  A ynoxinul (Abyss:1)
  A redback (Spider:4)
  6 humans (Swamp:2)
  A vampire mosquito (Swamp:2)
  An orc warrior (D:6)
  2 slaves (D:6)
  A boggart (Depths:3)
  4 small abominations
  A bullfrog (D:6)
  An iguana (D:6)
  A worker ant (D:6)
  5 white imps
  5 ufetubi (IceCv)
  4 orcs
  A ball python (D:6)
  2 fungi
  14 plants
  17 starspawn tentacles
84 creatures vanquished.

Grand Total: 2449 creatures vanquished

Notes
Turn   | Place    | Note
-------+----------+-------------------------------------------
     0 | D:1      | KarmaPolice the Halfling Skald began the quest for the Orb.
     0 | D:1      | Reached XP level 1. HP: 14/14 MP: 3/3
   212 | D:1      | Reached XP level 2. HP: 18/19 MP: 4/4
   315 | D:1      | Reached XP level 3. HP: 22/24 MP: 5/5
   776 | D:2      | Reached skill level 1 in Polearms
   852 | D:2      | Reached XP level 4. HP: 29/29 MP: 0/6
  1470 | D:3      | Learned a level 2 spell: Shroud of Golubria
  1709 | D:3      | Found a snail-covered altar of Cheibriados.
  1727 | D:3      | Reached XP level 5. HP: 29/34 MP: 7/7
  2122 | D:3      | Reached skill level 1 in Slings
  2631 | D:4      | Found a shattered altar of Ashenzari.
  2668 | D:4      | Reached XP level 6. HP: 37/39 MP: 8/8
  2753 | D:5      | Entered Level 5 of the Dungeon
  2854 | D:4      | Noticed an ogre
  3009 | D:4      | Reached skill level 2 in Slings
  3009 | D:4      | Reached skill level 1 in Translocations
  3036 | D:4      | Noticed an ogre
  3600 | D:4      | Reached skill level 3 in Slings
  3604 | D:4      | Learned a level 2 spell: Song of Slaying
  3867 | D:5      | Noticed Edmund
  3899 | D:4      | Reached XP level 7. HP: 33/45 MP: 10/10
  4267 | D:4      | Found a blossoming altar of Fedhas.
  4678 | D:5      | Killed Edmund
  4678 | D:5      | Reached skill level 4 in Slings
  4815 | D:5      | Found an opulent altar of Gozag.
  4965 | D:5      | Noticed Eustachio
  4977 | D:5      | Killed Eustachio
  4977 | D:5      | Reached skill level 5 in Slings
  4977 | D:5      | Reached XP level 8. HP: 43/52 MP: 11/11
  5363 | D:5      | Reached skill level 1 in Short Blades
  5899 | D:6      | Found a shimmering altar of Xom.
  5904 | D:6      | Reached skill level 6 in Slings
  5982 | D:6      | Found a sacrificial altar of Ru.
  6281 | D:6      | Noticed Prince Ribbit
  6285 | D:6      | Killed Prince Ribbit
  6285 | D:6      | Reached XP level 9. HP: 52/59 MP: 12/12
  6330 | D:6      | Found a white marble altar of Elyvilon.
  6353 | D:6      | Noticed Pikel
  6378 | D:6      | Killed Pikel
  6378 | D:6      | Reached skill level 5 in Fighting
  6378 | D:6      | Reached skill level 7 in Slings
  6557 | D:6      | Learned a level 2 spell: Song of Slaying
  6648 | D:6      | Found a basalt altar of Yredelemnul.
  6689 | D:6      | Reached skill level 5 in Armour
  6882 | D:6      | Reached skill level 5 in Short Blades
  6882 | D:6      | Reached skill level 8 in Slings
  6913 | D:6      | Found Piwustr Faukk's Gadget Emporium.
  7135 | D:7      | Found a sparkling altar of Nemelex Xobeh.
  7500 | D:7      | Found an ancient bone altar of Kikubaaqudgha.
  7586 | D:7      | Found a staircase to the Ecumenical Temple.
  7626 | Temple   | Entered the Ecumenical Temple
  7787 | D:6      | Reached XP level 10. HP: 58/66 MP: 13/13
  7919 | D:6      | Reached skill level 9 in Slings
  7919 | D:6      | Reached skill level 5 in Dodging
  9614 | D:8      | Reached skill level 10 in Slings
 10754 | D:9      | You fall through a shaft for 3 floors!
 10768 | D:11     | Noticed a green ugly thing
 10958 | D:10     | Entered Level 10 of the Dungeon
 10961 | D:10     | Noticed Joseph
 10961 | D:10     | Noticed a red ugly thing
 11306 | D:12     | Reached skill level 11 in Slings
 11372 | D:13     | Noticed a centaur warrior
 11487 | D:12     | Reached XP level 11. HP: 16/72 MP: 2/14
 11842 | D:12     | Noticed a brown ugly thing
 11869 | D:11     | Noticed a purple ugly thing
 11974 | D:11     | Found a basalt altar of Yredelemnul.
 12123 | D:10     | Reached skill level 12 in Slings
 12251 | D:10     | Noticed p0werm0de's ghost (novice OpEE)
 12484 | D:10     | Killed p0werm0de's ghost
 12566 | D:10     | Noticed a two-headed ogre
 12596 | D:10     | Killed a two-headed ogre
 12697 | D:10     | Got an ancient scale mail
 12741 | D:9      | Noticed a two-headed ogre
 12783 | D:10     | Killed a two-headed ogre
 12783 | D:10     | Reached skill level 10 in Short Blades
 12857 | D:9      | Noticed a two-headed ogre
 12864 | D:9      | Upgraded the game from 0.21-a0-142-gdd972a7 to 0.21-a0-143-g1ab7d47
 12886 | D:9      | Killed a two-headed ogre
 12886 | D:9      | Reached skill level 13 in Slings
 12886 | D:9      | Reached XP level 12. HP: 72/81 MP: 15/15
 12941 | D:9      | Identified the +6 scale mail of Merphose {Str+3 Dex+2} (You found it on level 10 of the Dungeon)
 13156 | D:9      | Found an iron altar of Okawaru.
 13156 | D:9      | Found a hide-covered altar of Uskayaw.
 13170 | D:9      | Found a shadowy altar of Dithmenos.
 13173 | D:9      | Became a worshipper of Warmaster Okawaru
 13177 | D:9      | Found an ornate altar of the Wu Jian Council.
 13185 | D:9      | Found a stormy altar of Qazlal.
 13466 | D:9      | Noticed a two-headed ogre
 13478 | D:9      | Killed a two-headed ogre
 13478 | D:9      | Reached * piety under Okawaru
 13478 | D:9      | Reached skill level 1 in Invocations
 14066 | D:10     | Killed Joseph
 14416 | D:10     | Reached ** piety under Okawaru
 14903 | D:10     | Noticed a two-headed ogre
 14915 | D:10     | Killed a two-headed ogre
 15278 | D:11     | Reached *** piety under Okawaru
 15390 | D:11     | Reached skill level 14 in Slings
 15390 | D:11     | Reached skill level 5 in Invocations
 15539 | D:11     | Noticed a two-headed ogre
 15550 | D:11     | Killed a two-headed ogre
 15588 | D:11     | Reached XP level 13. HP: 68/86 MP: 8/16
 15731 | D:11     | Found a staircase to the Orcish Mines.
 15775 | D:11     | Learned a level 3 spell: Regeneration
 15945 | D:11     | Found a staircase to the Lair.
 16075 | D:11     | Reached **** piety under Okawaru
 16313 | Lair:1   | Entered Level 1 of the Lair of Beasts
 16352 | Lair:1   | Got an ichor-stained flail
 16625 | Lair:1   | Received a gift from Okawaru
 17297 | Lair:1   | Reached skill level 15 in Slings
 17480 | Lair:1   | Noticed a catoblepas
 17505 | Lair:1   | Killed a catoblepas
 17505 | Lair:1   | Reached ***** piety under Okawaru
 17765 | Lair:1   | Received a gift from Okawaru
 17771 | Lair:1   | Reached skill level 10 in Armour
 17907 | Lair:1   | Identified the +6 flail of the Hawk {crush, *Rage rPois rF+ SInv} (You found it on level 1 of the Lair of Beasts)
 18415 | Lair:2   | Noticed a catoblepas
 18446 | Lair:2   | Killed a catoblepas
 18477 | Lair:2   | Found a radiant altar of Vehumet.
 19197 | Lair:2   | Reached XP level 14. HP: 85/92 MP: 9/20
 19199 | Lair:2   | Received a gift from Okawaru
 19942 | Lair:3   | Found a staircase to the Swamp.
 20383 | Lair:4   | Noticed Nessos
 21128 | Lair:3   | Reached skill level 16 in Slings
 21340 | Lair:4   | Killed Nessos
 21822 | Lair:4   | Found a hole to the Spider Nest.
 22010 | Lair:4   | Noticed Nergalle
 22038 | Lair:4   | Killed Nergalle
 22763 | Lair:5   | Noticed Rupert
 23324 | Lair:5   | Noticed Urug
 23359 | Lair:5   | Killed Urug
 23512 | Lair:5   | Found a sacrificial altar of Ru.
 23537 | Lair:5   | Found a viscous altar of Jiyva.
 23539 | Lair:5   | Found a staircase to the Slime Pits.
 23786 | Lair:5   | Killed Rupert
 23786 | Lair:5   | Received a gift from Okawaru
 23789 | Lair:5   | Got a fine fustibalus {god gift}
 23794 | Lair:5   | Identified the +11 fustibalus "Z" {flame, rC+++ Str+7 Dex+4} (Okawaru gifted it to you on level 5 of the Lair of Beasts)
 23976 | Lair:6   | Entered Level 6 of the Lair of Beasts
 23985 | Lair:6   | Got a twisted ring mail
 24010 | Lair:6   | Identified the +3 ring mail of the Pure Yaks {rC+ Str-5 Int+3 Dex+2} (You found it on level 6 of the Lair of Beasts)
 24831 | Lair:6   | Reached skill level 17 in Slings
 24924 | Lair:6   | Received a gift from Okawaru
 24959 | Lair:6   | Paralysed by a hornet for 3 turns
 25176 | Lair:6   | Reached XP level 15. HP: 97/97 MP: 21/21
 25477 | Lair:6   | Reached ****** piety under Okawaru
 25765 | Lair:3   | Received a gift from Okawaru
 25799 | Lair:3   | Got a transparent fustibalus {god gift}
 25800 | Lair:3   | Identified the +6 fustibalus of Arbitration {freeze, rF+} (Okawaru gifted it to you on level 3 of the Lair of Beasts)
 27109 | D:13     | Found Izxyejag's Jewellery Emporium.
 27253 | D:13     | Found a portal to a secret trove of treasure.
 27452 | Orc:1    | Entered Level 1 of the Orcish Mines
 27452 | Orc:1    | Noticed an orc warlord
 27687 | D:11     | Killed an orc warlord
 27687 | D:11     | Received a gift from Okawaru
 27939 | Orc:1    | Reached skill level 10 in Dodging
 27998 | Orc:2    | Entered Level 2 of the Orcish Mines
 28298 | Orc:1    | Received a gift from Okawaru
 28638 | Orc:2    | Found Fiyrhes's Gadget Boutique.
 28678 | Orc:2    | Reached skill level 18 in Slings
 29223 | Orc:2    | Reached skill level 15 in Short Blades
 29326 | Orc:2    | Found Voido's Food Boutique.
 29326 | Orc:2    | Found Refuwn's Armour Shoppe.
 29337 | Orc:2    | Reached XP level 16. HP: 105/105 MP: 23/23
 29338 | Orc:2    | Found Exzou's Armour Boutique.
 29338 | Orc:2    | Found Vakhearu's Assorted Antiques.
 29376 | Orc:2    | Bought a scroll of identify for 74 gold pieces
 29450 | Orc:2    | Found a staircase to the Elven Halls.
 29499 | Orc:2    | Received a gift from Okawaru
 29819 | Orc:2    | Found a roughly hewn altar of Beogh.
 30154 | Orc:2    | Bought a potion of might for 148 gold pieces
 30156 | Orc:2    | Bought a scroll of remove curse for 111 gold pieces
 30156 | Orc:2    | Bought a scroll labeled KOEDAEKUERR for 37 gold pieces
 30628 | D:14     | Received a gift from Okawaru
 30691 | D:14     | Found a gate to the Vaults.
 31071 | D:14     | Received a gift from Okawaru
 31417 | D:15     | Entered Level 15 of the Dungeon
 31539 | D:15     | Found a staircase to the Depths.
 31820 | D:15     | Reached skill level 19 in Slings
 33266 | Swamp:1  | Entered Level 1 of the Swamp
 33350 | Swamp:1  | Noticed a thorn hunter
 33357 | Swamp:1  | Killed a thorn hunter
 33446 | Swamp:1  | Noticed drasked's ghost (journeyman SpWz)
 33450 | Swamp:1  | Killed drasked's ghost
 33450 | Swamp:1  | Received a gift from Okawaru
 33900 | Swamp:1  | Noticed Roxanne
 33918 | Swamp:1  | Killed Roxanne
 33918 | Swamp:1  | Reached XP level 17. HP: 113/113 MP: 24/24
 33928 | Swamp:1  | Identified Roxanne's Grimoire of Clay (You took it off Roxanne on level 1 of the Swamp)
 34021 | Swamp:1  | Noticed Frances
 34058 | Swamp:1  | Killed Frances
 34058 | Swamp:1  | Received a gift from Okawaru
 34062 | Swamp:1  | Got a dazzling rapier {god gift}
 34068 | Swamp:1  | Identified the +2 rapier of Jipruc {elec, SInv Stlth+} (Okawaru gifted it to you on level 1 of the Swamp)
 34541 | Swamp:2  | Noticed Kirke
 34550 | Swamp:2  | Killed Kirke
 34697 | Swamp:2  | Noticed Louise
 34776 | Swamp:2  | Killed Louise
 35064 | Swamp:2  | Reached skill level 10 in Fighting
 35296 | Swamp:2  | Received a gift from Okawaru
 35519 | Swamp:2  | Reached skill level 20 in Slings
 35641 | Swamp:2  | Reached skill level 1 in Necromancy
 35944 | Swamp:3  | Found a frozen archway.
 35979 | IceCv    | Entered an ice cave
 37405 | Swamp:3  | Received a gift from Okawaru
 37562 | Swamp:3  | Got a crude marble ring
 37921 | Swamp:3  | Reached skill level 5 in Spellcasting
 38219 | Swamp:4  | Entered Level 4 of the Swamp
 38453 | Swamp:4  | Noticed Jorgrun
 38621 | Swamp:4  | Killed Jorgrun
 39589 | Swamp:4  | Got a heavily runed pewter ring
 39684 | Swamp:4  | Noticed a thorn hunter
 39688 | Swamp:4  | Killed a thorn hunter
 39688 | Swamp:4  | Received a gift from Okawaru
 39688 | Swamp:4  | Reached XP level 18. HP: 120/120 MP: 26/26
 40172 | Spider:1 | Entered Level 1 of the Spider Nest
 40553 | Spider:1 | Received a gift from Okawaru
 40934 | Spider:1 | Identified the ring of Hospitality {rElec rN+ MR- Str+3} (You found it on level 3 of the Swamp)
 41458 | Spider:1 | Received a gift from Okawaru
 41458 | Spider:1 | Reached skill level 21 in Slings
 42611 | Spider:2 | Reached skill level 5 in Necromancy
 43286 | Spider:3 | Identified the cursed ring "Sefo" {+Fly rPois rN+ Int-3 Dex-5} (You found it on level 4 of the Swamp)
 44223 | Spider:4 | Entered Level 4 of the Spider Nest
 45270 | Spider:4 | Reached XP level 19. HP: 118/126 MP: 0/29
 45283 | Spider:4 | Received a gift from Okawaru
 46951 | Spider:4 | Got a gossamer rune of Zot
 47033 | Spider:4 | Reached skill level 22 in Slings
 48132 | Swamp:4  | Noticed a bone dragon
 48165 | Swamp:4  | Killed a bone dragon
 48221 | Swamp:4  | Got a decaying rune of Zot
 48250 | Swamp:4  | Received a gift from Okawaru
 48940 | Elf:1    | Entered Level 1 of the Elven Halls
 49279 | D:13     | Bought a +4 ring of protection for 540 gold pieces
 49279 | D:13     | Bought an uncursed ring of protection from fire for 375 gold pieces
 49647 | Elf:1    | Received a gift from Okawaru
 50066 | Elf:1    | Received a gift from Okawaru
 50690 | Elf:2    | Noticed Asterion
 50711 | Elf:1    | Killed Asterion
 50759 | Elf:2    | Reached XP level 20. HP: 110/129 MP: 29/32
 51086 | Elf:2    | Found a flickering gateway to a bazaar.
 51099 | Bazaar   | Entered a bazaar
 51099 | Bazaar   | Found Onuar's Armour Shoppe.
 51099 | Bazaar   | Found Iregacomp's Book Emporium.
 51100 | Bazaar   | Found Yghufyef's Armour Shoppe.
 51100 | Bazaar   | Found Silil's Antique Weapon Emporium.
 51136 | Bazaar   | Bought a book of Enchantments for 600 gold pieces
 51144 | Bazaar   | Learned a level 5 spell: Silence
 51334 | Elf:2    | Reached skill level 5 in Long Blades
 51386 | Elf:1    | Received a gift from Okawaru
 51444 | Elf:1    | Reached skill level 1 in Shields
 51450 | Elf:1    | Reached skill level 1 in Air Magic
 51834 | Elf:2    | Identified a scroll of acquirement
 52092 | Elf:2    | Found a runed gate.
 52092 | Elf:2    | Found a runed gate.
 52093 | Elf:2    | Found a runed gate.
 52204 | Elf:2    | Learned a level 6 spell: Deflect Missiles
 52419 | Elf:3    | Entered Level 3 of the Elven Halls
 53700 | Elf:2    | Reached skill level 23 in Slings
 54241 | Elf:3    | Noticed a Brimstone Fiend
 54537 | Elf:2    | Received a gift from Okawaru
 54957 | Elf:3    | Got an ancient robe
 54958 | Elf:3    | Identified the +1 robe of Taqyd {Slay+5 Stlth-} (You took it off a deep elf annihilator on level 3 of the Elven Halls)
 55183 | Elf:3    | Reached skill level 1 in Hexes
 55341 | Elf:3    | Reached skill level 5 in Air Magic
 55546 | Elf:3    | Found Xyubb's General Store.
 55557 | Elf:3    | Bought a potion of heal wounds for 75 gold pieces
 55557 | Elf:3    | Bought a potion of haste for 150 gold pieces
 55575 | Elf:3    | Noticed Bai Suzhen
 55595 | Elf:3    | Killed Bai Suzhen
 55595 | Elf:3    | Received a gift from Okawaru
 55602 | Elf:3    | Got a warped helmet {god gift}
 55603 | Elf:3    | Identified the +0 helmet of Incorporation {rF+ rCorr Int-3 Slay+5} (Okawaru gifted it to you on level 3 of the Elven Halls)
 55989 | Elf:3    | Reached XP level 21. HP: 134/134 MP: 33/33
 56033 | Elf:3    | Got a wavering copper amulet
 56034 | Elf:3    | Identified the amulet "Faamisev" {RegenMP Int+4} (You took it off a deep elf sorcerer on level 3 of the Elven Halls)
 57187 | Elf:2    | Noticed Saint Roka
 57212 | Elf:2    | Killed Saint Roka
 57774 | Vaults:1 | Entered Level 1 of the Vaults
 58541 | Vaults:1 | Reached skill level 24 in Slings
 58544 | Vaults:1 | Received a gift from Okawaru
 58585 | Vaults:1 | Received a gift from Okawaru
 58782 | Vaults:1 | Reached skill level 5 in Hexes
 59560 | Vaults:1 | Reached XP level 22. HP: 140/140 MP: 34/34
 60303 | Vaults:2 | Reached skill level 10 in Long Blades
 60676 | Vaults:2 | Noticed Nikola
 60700 | Vaults:2 | Killed Nikola
 61229 | Vaults:1 | Received a gift from Okawaru
 61849 | Vaults:2 | Found Doinaome's Weapon Shoppe.
 62366 | Vaults:2 | Noticed Aizul
 62379 | Vaults:2 | Killed Aizul
 62808 | Vaults:3 | Received a gift from Okawaru
 63115 | Vaults:3 | Noticed MirrMurr's ghost (adept SpEn)
 64101 | Vaults:3 | Reached skill level 25 in Slings
 64333 | Vaults:3 | Got a warped turquoise ring
 64334 | Vaults:3 | Identified the ring "Guan" {*Corrode rF+++ Int+2 Dex+6} (You found it on level 3 of the Vaults)
 64570 | Vaults:3 | Reached XP level 23. HP: 149/149 MP: 35/35
 65351 | Vaults:3 | Found a staircase to the Crypt.
 66104 | Vaults:2 | Received a gift from Okawaru
 66212 | Vaults:3 | Killed MirrMurr's ghost
 66704 | Vaults:4 | Received a gift from Okawaru
 67271 | Vaults:4 | Received a gift from Okawaru
 67289 | Vaults:4 | Got an ivory hunting sling {god gift}
 67298 | Vaults:4 | Identified the +1 hunting sling of Cowardice {venom, rF+ rC+ Int+2} (Okawaru gifted it to you on level 4 of the Vaults)
 67910 | Vaults:4 | Reached skill level 26 in Slings
 68017 | Vaults:4 | Received a gift from Okawaru
 68035 | Vaults:4 | Reached XP level 24. HP: 140/158 MP: 33/35
 68107 | Vaults:4 | Noticed Boris
 68678 | Vaults:4 | Killed Boris
 68896 | Vaults:4 | Received a gift from Okawaru
 69714 | Vaults:2 | Received a gift from Okawaru
 70055 | Depths:1 | Entered Level 1 of the Depths
 70342 | Depths:1 | Found a gateway to Hell.
 70793 | Depths:1 | Found a gateway to a ziggurat.
 71076 | Depths:1 | Reached skill level 10 in Hexes
 72389 | Depths:2 | Found Syvi's Jewellery Emporium.
 72390 | Depths:2 | Found Googishry's Gadget Shop.
 72390 | Depths:2 | Found Roopny's Gadget Shop.
 72402 | Depths:2 | Bought the ring of Unnom {+Fly rN+ Str-4 Int+5 Slay+4} for 1214 gold pieces
 73474 | Depths:2 | Reached XP level 25. HP: 143/167 MP: 28/35
 73501 | Depths:2 | Received a gift from Okawaru
 73733 | Depths:2 | Noticed a caustic shrike
 73747 | Depths:2 | Killed a caustic shrike
 73747 | Depths:2 | Reached skill level 5 in Shields
 73826 | Depths:2 | Got a shimmering plate armour
 73984 | Depths:2 | Got a wavering brass amulet
 73985 | Depths:2 | Identified the amulet of Darkness {Reflect Str+4 Int+4 SH+3} (You found it on level 2 of the Depths)
 74087 | Depths:2 | Reached skill level 27 in Slings
 74602 | Depths:2 | Found a one-way gate to the infinite horrors of the Abyss.
 76085 | Depths:3 | Noticed the Enchantress
 76247 | Depths:2 | Killed the Enchantress
 76247 | Depths:2 | Received a gift from Okawaru
 76256 | Depths:2 | Got faerie dragon scales
 76738 | Depths:3 | Paralysed by a sphinx for 7 turns
 76761 | Depths:3 | Identified the +1 faerie dragon scales {-Tele rCorr Int+4} (You took it off the Enchantress on level 2 of the Depths)
 76763 | Depths:3 | Identified the +5 plate armour of a volcano {Str+3} (You took it off a tengu warrior on level 2 of the Depths)
 77486 | Depths:3 | Found a one-way gate leading to the halls of Pandemonium.
 77548 | Depths:4 | Noticed a juggernaut
 77588 | Depths:3 | Killed a juggernaut
 77588 | Depths:3 | Received a gift from Okawaru
 78325 | Depths:4 | Got a flickering tin amulet
 78329 | Depths:4 | Identified the amulet of Peyseirr {RegenMP Dex+2 Stlth+} (You found it on level 4 of the Depths)
 78338 | Depths:4 | Received a gift from Okawaru
 78338 | Depths:4 | Reached XP level 26. HP: 164/175 MP: 35/35
 78570 | Depths:4 | Reached skill level 15 in Long Blades
 78574 | Depths:4 | Received a gift from Okawaru
 78908 | Depths:4 | Upgraded the game from 0.21-a0-143-g1ab7d47 to 0.21-a0-150-gc243083
 79558 | Depths:4 | Found a portal to a secret trove of treasure.
 79722 | Depths:5 | Entered Level 5 of the Depths
 79796 | Depths:5 | Noticed Boris
 79844 | Depths:5 | Killed Boris
 79943 | Depths:5 | Received a gift from Okawaru
 80349 | Depths:5 | Noticed Sojobo
 80494 | Depths:4 | Killed Sojobo
 80523 | Depths:5 | Received a gift from Okawaru
 80831 | Depths:5 | Received a gift from Okawaru
 80881 | Depths:5 | Noticed an ancient lich
 80897 | Depths:5 | Killed an ancient lich
 80897 | Depths:5 | Reached skill level 15 in Armour
 80897 | Depths:5 | Reached skill level 10 in Air Magic
 81100 | Depths:5 | Received a gift from Okawaru
 81272 | Depths:5 | Received a gift from Okawaru
 81878 | Depths:5 | Reached XP level 27. HP: 184/184 MP: 35/35
 81932 | Depths:5 | Identified the Guide on Necromancy
 82125 | Depths:5 | Received a gift from Okawaru
 83141 | Depths:5 | Found a gate to the Realm of Zot.
 83834 | Vaults:3 | Reached skill level 15 in Fighting
 83875 | Crypt:1  | Entered Level 1 of the Crypt
 86327 | Vaults:5 | Entered Level 5 of the Vaults
 86434 | Vaults:4 | Received a gift from Okawaru
 87230 | Depths:4 | Voluntarily entered the Abyss.
 87680 | Abyss:1  | Paralysed by accursed screaming for 1 turns
 87685 | Abyss:1  | Paralysed by accursed screaming for 2 turns
 87821 | Abyss:1  | Got a fine jade ring
 87866 | Abyss:1  | Identified the ring "Rinek" {rCorr rF+ SInv} (You found it on level 1 of the Abyss)
 88693 | Abyss:1  | Found a corrupted altar of Lugonu.
 89075 | Abyss:3  | Noticed an ancient lich
 89088 | Abyss:3  | Killed an ancient lich
 89264 | Abyss:3  | Received a gift from Okawaru
 89268 | Abyss:3  | Gained mutation: You expend magic power (3 MP) to strengthen your wands. [a neqoxec]
 89405 | Abyss:3  | Paralysed by accursed screaming for 1 turns
 89424 | Abyss:3  | Paralysed by accursed screaming for 1 turns
 89460 | Abyss:3  | HP: 9/189 [starcursed mass/accursed screaming (8)]
 89490 | Abyss:3  | HP: 7/189 [starcursed mass/accursed screaming (6)]
 89492 | Abyss:3  | Killed from afar by a smoke demon

Vault maps used:
D:1:      evilmike_arrival_plus, serial_glass, glass_columns_b, glass_columns_a,
          solitary_fountain
D:3:      kennysheep_slug_shrine
D:4:      kennysheep_mini_moat, hangedman_abyss_or_decor_stabs,
          fedhas_altar_fruit_tree
D:5:      cheibrodos_two_vegetables, first_bread, grunt_gozag_breadcrumbs,
          uniq_edmund, uniq_eustachio
D:6:      nicolae_ru_great_annihilating_truth, yredelemnul_altar_generic,
          xom_confusion_cloud, serial_shops, nicolae_shop_waterfront,
          elyvilon_altar_1, uniq_pikel, uniq_prince_ribbit1
D:7:      kennysheep_vampire_church, nemelex_xobeh_ov_fountains_minmay,
          minmay_temple_entry_mist
D:9:      cheibrodos_fzero, chequers_temple_overflow_minitemple
D:10:     uniq_joseph
D:11:     david_lair_shrubbed, erik_orc_3, basic_altar
D:12:     grunt_livestock
D:13:     serial_shops, nicolae_shop_trees, enter_trove_3
D:14:     erik_vaults_1
D:15:     gammafunk_depths_entry_grave
Temple:   zaba_magenta_temple
Lair:1:   serial_bayou_shore_a, grunt_megastairs_1
Lair:2:   lemuel_oklob_altar, grunt_megastairs_4, infiniplex_staircase_pool
Lair:3:   swamp_mist, grunt_megastairs_5
Lair:4:   nicolae_spider_entry_non_spiders, lab_entry_generic, uniq_nergalle,
          uniq_nessos
Lair:5:   slime_altar_1, basic_altar, uniq_rupert, uniq_urug
Lair:6:   minmay_lair_end_enchanted_forest, eino_small_chamber_without_monster
Swamp:1:  hangedman_swamp_ruin_wall, uniq_roxanne, uniq_frances
Swamp:2:  evilmike_swamp_ruin_house_4, swamp_pool3,
          nicolae_swamp_orc_logging_accident, uniq_louise, uniq_kirke
Swamp:3:  portal_ice_cave_entry_pillars_2, nicolae_swamp_dense_foliage
Swamp:4:  swamp_pestilence, uniq_jorgrun
Spider:4: grunt_spider_rune_parallel
Orc:2:    st_orc_ogre_mass, serial_shops, shop, basic_altar
Elf:1:    minmay_elf_arrival_circle, hangedman_elf_disciples
Elf:2:    serial_shops, bzr_entry_dummy, dk_noncrumbling_4, uniq_asterion,
          uniq_saint_roka
Elf:3:    minmay_elf_hall_furrowed, serial_shops, shop, palyth_stone_intersect,
          uniq_bai_suzhen
Vaults:1: ontoclasm_vaults_ring_small, ontoclasm_vaults_loading_screen,
          nicolae_vaults_puzzle_piece, hangedman_vaults_pinch,
          vaults_room_large_hall, nicolae_vaults_little_ls, v_misc_15,
          nicolae_vaults_rhombus_5, nicolae_vaults_display_case,
          vaults_room_stairs_pillars
Vaults:2: hangedman_vaults_stagger, vaults_dpeg_cross,
          nicolae_vaults_big_angled_halls, nicolae_vaults_little_squares_6,
          hangedman_vaults_locks, ontoclasm_vaults_eye, v_pattern_3, v_misc_28,
          nicolae_vaults_little_squares_4, serial_shops, shop, uniq_nikola,
          uniq_aizul
Vaults:3: ontoclasm_vaults_pinch, v_alt_pattern_5,
          nicolae_vaults_network_square, minmay_crypt_entry_simple_round,
          nicolae_vaults_little_squares_6, v_rooms_6,
          nicolae_vaults_network_quincunx, ontoclasm_vaults_decontamination,
          v_pattern_4, nicolae_vaults_little_squares_6, vaults_dpeg_hooks,
          vaults_room_corners
Vaults:4: v_rooms_1, nicolae_vaults_hallways_thing,
          vaults_room_grunt_arrival_checkpoint,
          nicolae_vaults_diagonal_hallway_9, nicolae_vaults_yaktaur_gun_rack,
          nicolae_vaults_holding_cells, nicolae_vaults_network_periphery,
          hangedman_vaults_cutoff, nicolae_vaults_little_squares_4,
          ontoclasm_vaults_gateway, uniq_boris
Depths:1: enter_ziggurat_e, hex_tiny, grunt_hell_entry_dis_old,
          item_on_display_a
Depths:2: evilmike_pillar_path, lightli_too_deep, abyss_entry_small_statue_room,
          kennysheep_opposing_triangles, infiniplex_staircase_pillars_1,
          minmay_shop_grove
Depths:3: grunt_forest_end_chambers, minmay_misc_feat_more_columns, pan_entry,
          hell_entry
Depths:4: minmay_ambush_box, minmay_room_of_horrors,
          minmay_misc_feat_nine_boxes, hangedman_tar_grid_catacomb,
          enter_trove_5, roderic_lattice_octagonal_star
Depths:5: grunt_zot_entry_hairpin, grunt_decor_clamped, special_room,
          hangedman_coc_ice_floe, abyss_entry, uniq_boris, uniq_sojobo
Abyss:2:  evilmike_abyss_exit_plants, guppyfry_abyss_exit_spiral_guarded
Abyss:3:  doesnt_abyss_rune_brain_food
Bazaar:   bazaar_minmay_row
IceCv:    ice_cave_small_demon

Skill      XL: |  1  2  3  4  5  6  7  8  9 10 11 12 13 14 15 16 17 18 19 20 21 22 23 24 25 26 27 |
---------------+----------------------------------------------------------------------------------+-----
Fighting       | 2 3 4 5 7 8 9 10 11 12 13 14 15 | 15.8
Polearms       | 1 |  1.7
Long Blades    | 3 4 7 9 11 12 13 14 16 17 | 17.5
Charms         | 4 |  4.0
Slings         | 1 3 5 6 8 11 13 14 15 17 18 19 20 21 22 23 24 25 26 27 | 27.0
Spellcasting   | 2 4 5 6 8 9 |  9.2
Translocations | 2 3 |  3.3
Dodging        | 3 4 6 8 10 12 13 | 13.8
Armour         | 2 4 5 6 8 10 12 13 15 | 15.2
Short Blades   | 3 5 8 10 11 12 14 15 16 17 18 | 18.7
Invocations    | 5 6 8 9 |  9.6
Necromancy     | 3 5 6 |  6.1
Shields        | 4 8 |  8.8
Air Magic      | 5 8 9 10 11 | 11.1
Hexes          | 2 5 7 9 10 | 10.4

Action                   |  1- 3 |  4- 6 |  7- 9 | 10-12 | 13-15 | 16-18 | 19-21 | 22-24 | 25-27 || total
-------------------------+-------+-------+-------+-------+-------+-------+-------+-------+-------++-------
Melee: Falchion          |    24 |       |       |       |       |       |       |       |       ||    24
       Spear             |    59 |   179 |    65 |     6 |       |       |       |       |       ||   309
       Rapier            |       |       |   209 |   988 |  1425 |   781 |   741 |   833 |    27 ||  5004
       Punch             |       |       |       |     3 |       |     7 |     7 |     3 |       ||    20
       Fustibalus        |       |       |       |       |       |     1 |     1 |     1 |       ||     3
       Scimitar          |       |       |       |       |       |       |    46 |     7 |       ||    53
       Long sword        |       |       |       |       |       |       |       |    75 |       ||    75
       Demon blade       |       |       |       |       |       |       |       |    16 |  1074 ||  1090
 Fire: Hunting sling     |       |       |       |     3 |    52 |       |       |       |       ||    55
       Fustibalus        |       |       |       |       |   377 |  1245 |  1193 |  1288 |  1153 ||  5256
Throw: Stone             |       |       |       |       |       |       |       |     1 |       ||     1
 Cast: Infusion          |     2 |     8 |    12 |    47 |    37 |     9 |    14 |    15 |     4 ||   148
       Shroud of Golubri |       |     2 |     2 |    11 |       |       |     4 |     5 |     1 ||    25
       Regeneration      |       |       |       |       |       |    19 |    14 |     3 |    46 ||    82
       Song of Slaying   |       |       |       |       |       |       |       |       |     1 ||     1
Invok: Heroism           |       |       |       |     3 |     4 |     8 |    14 |     9 |    12 ||    50
       Finesse           |       |       |       |       |     2 |     2 |    13 |     8 |    14 ||    39
Evoke: Wand              |       |       |       |       |       |       |       |       |     7 ||     7
  Use: Scroll            |       |     6 |     1 |     7 |    11 |    11 |     8 |     6 |    25 ||    75
       Potion            |       |       |     2 |     1 |     1 |     6 |     4 |     6 |    16 ||    36
 Stab: Sleeping          |       |     3 |       |       |       |       |       |       |       ||     3
       Paralysed         |       |       |     1 |       |       |       |       |       |       ||     1
       Confused          |       |       |       |       |       |     1 |       |       |       ||     1
       Distracted        |       |       |       |       |       |       |     1 |       |     2 ||     3
       Petrifying        |       |       |       |       |       |       |       |       |     4 ||     4
  Eat: Chunk             |       |    10 |    11 |    24 |    44 |    27 |    34 |    33 |    31 ||   214
       Meat ration       |       |       |     1 |     1 |       |     5 |     2 |     2 |     4 ||    15
       Bread ration      |       |       |       |     1 |       |       |       |       |       ||     1
Armor: Leather armour    |    14 |    26 |    58 |    53 |       |       |       |       |       ||   151
       Troll leather arm |       |       |       |    68 |       |       |       |       |       ||    68
       Scale mail        |       |       |       |    69 |   368 |   352 |   317 |   322 |   254 ||  1682
       Robe              |       |       |       |       |       |       |       |       |    17 ||    17
Dodge: Dodged            |    60 |   111 |   186 |   639 |   929 |  1039 |   758 |   942 |   831 ||  5495
Block: Buckler           |       |       |       |       |       |       |       |       |   733 ||   733
       Reflection        |       |       |       |       |       |       |       |       |    54 ||    54
       Other             |       |       |       |       |       |       |       |       |     4 ||     4
       Rpst.: Falchion   |     1 |       |       |       |       |       |       |       |       ||     1
       Scimitar          |       |       |       |       |       |       |     8 |     1 |       ||     9
       Long sword        |       |       |       |       |       |       |       |    14 |       ||    14
       Demon blade       |       |       |       |       |       |       |       |     2 |   120 ||   122
